AoeStats
← |GaoeG| flamingo

Nomad

509135134Analyzed
3v3 RM · 6d ago on Sep 25, 2026· 56m 7s· 6 players
Game mode
Random Map
Map size
210×210
Population
200
Speed
Normal
Resources
Standard
Victory
Conquest
Starting age
Dark Age
Ending age
Imperial Age
RankedLock teamsTeams togetherTeam positionsShared explorationLock speedFull tech treeHidden civsTurbo modeCheats
Victory
Defeat
🇪🇸 Malay · Spain
1391
+12
🇪🇸 Gurjaras · Spain
1273
+17
🇪🇸 Poles · Spain
1228
+19
🇨🇳 Cumans · China
1325
-17
🇧🇪 Ethiopians · Belgium
1294
-16
🇨🇳 Malians · China
1275
-15
Althing
3:30 Loom
14:18 Feudal Age
17:48 Double-Bit Axe
18:02 Stone Mining
20:26 Castle Age
21:22 Medium Warships
24:23 Scale Mail Armor
28:16 Forging
28:33 Horse Collar
29:34 Arson
29:49 Squires
33:10 Chain Mail Armor
34:55 Iron Casting
37:19 Elite Skirmisher
39:23 Padded Archer Armor
39:13 Fletching
41:03 Leather Archer Armor
41:23 Bodkin Arrow
49:01 Imperial Age
小明
5:09 Loom
14:37 Feudal Age
19:09 Castle Age
28:59 Tigui
33:43 Scale Barding Armor
34:43 Bloodlines
34:36 Husbandry
36:22 Forging
39:38 Chain Barding Armor
41:04 Iron Casting
45:19 Fletching
48:46 Bodkin Arrow
54:57 Double-Bit Axe
fengyiwui
7:07 Loom
14:11 Feudal Age
17:57 Castle Age
16:25 Double-Bit Axe
17:46 Fletching
17:57 Padded Archer Armor
17:45 Horse Collar
29:01 Ballistics
30:43 Bodkin Arrow
31:52 Fishing Lines
36:58 Scale Mail Armor
39:36 Imperial Age
37:46 Wheelbarrow
37:57 Chain Mail Armor
37:53 Forging
38:00 Bow Saw
37:55 Heavy Plow
37:59 Gillnets
38:30 Pikeman
39:11 Squires
42:40 Iron Casting
42:56 Halberdier
44:17 Plate Mail Armor
45:21 Blast Furnace
46:00 Hand Cart
45:31 Town Watch
46:08 Scale Barding Armor
47:40 Bloodlines
46:51 Elite Steppe Lancer
48:12 Chain Barding Armor
47:20 Light Cavalry
48:19 Hussar
51:23 Plate Barding Armor
|GaoeG| flamingo
6:13 Loom
7:06 Loom
13:45 Feudal Age
14:41 Double-Bit Axe
14:42 Horse Collar
18:54 Castle Age
20:39 Bloodlines
20:29 Husbandry
22:27 Bow Saw
23:25 Scale Barding Armor
24:17 Wheelbarrow
27:18 Heavy Plow
27:38 Town Watch
29:27 Chain Barding Armor
30:38 Gold Mining
32:30 Hand Cart
42:27 Forging
45:46 Imperial Age
47:49 Fletching
47:59 Padded Archer Armor
48:32 Elite Skirmisher
49:17 Thumb Ring
49:53 Bodkin Arrow
50:13 Leather Archer Armor
50:22 Ballistics
51:03 Chemistry
51:56 Bracer
52:42 Gold Shaft Mining
52:24 Elite Elephant Archer
Skofilus
6:14 Loom
13:23 Feudal Age
13:35 Town Watch
15:22 Double-Bit Axe
16:34 Wheelbarrow
19:49 Castle Age
18:59 Gold Mining
19:31 Fletching
21:35 Bodkin Arrow
21:45 Crossbowman
23:04 Padded Archer Armor
24:57 Horse Collar
27:19 Leather Archer Armor
28:11 Ballistics
31:30 Hand Cart
31:45 Thumb Ring
36:06 Imperial Age
36:03 Heavy Plow
36:39 Gold Shaft Mining
36:16 Bow Saw
37:46 Bracer
38:48 Chemistry
38:59 Stone Mining
38:34 Arbalester
40:10 Capped Ram
42:00 Fishing Lines
44:03 Ring Archer Armor
mikel.carcedo.95
8:23 Loom
12:46 Feudal Age
20:14 Castle Age
29:43 Bloodlines
30:31 Double-Bit Axe
34:07 Wheelbarrow
37:01 Forging
37:07 Horse Collar
37:44 Scale Barding Armor
38:21 Iron Casting
40:22 Husbandry
46:38 Imperial Age
44:49 Town Watch
46:55 Crossbowman
47:59 Fletching
48:09 Padded Archer Armor
48:22 Crossbowman
Connection lost

Rejoining the realm…

Still unreachable

The connection could not be restored.

Session expired

The server has moved on; the page needs a fresh start.